[Event "Team 45 45 League T60"]
[Site "Internet Chess Club"]
[Date "2014.03.29"]
[Round "5"]
[White "chess9397"]
[Black "fledermaus"]
[Result "0-1"]
[WhiteElo "1740"]
[BlackElo "1912"]
[Opening "Sicilian: Scheveningen variation"]
[ECO "B80"]
[Time "15:30:54"]
[TimeControl "2700+45"]

1. e4 c5 2. Nf3 e6 3. d4 cxd4 4. Nxd4 Nf6 5. Nc3 d6 6. Be3 Be7 7. f3 Nc6 8. Qd2
O-O 9. g4 d5 10. g5 Nxd4 11. Qxd4 Nh5 12. exd5 Bxg5 13. O-O-O exd5 14. Nxd5 Be6
15. f4 Bxd5 16. Qxd5 Bxf4 17. Bxf4 Nxf4 18. Qe5 Ng6 19. Qe4 Qc7 20. Bh3 Qf4+ 21.
Qxf4 Nxf4 22. Bg4 Rad8 23. Rhe1 Ng6 24. Bf3 b6 25. Re4 Rxd1+ 26. Kxd1 Rd8+ 27.
Ke2 Kf8 28. b4 Re8 29. c4 Ne5 30. c5 f5 31. Re3 Nxf3 32. Kxf3 Rxe3+ 33. Kxe3
bxc5 34. bxc5 Ke7 35. h4 g6 36. Kd4 Ke6 37. a3 h6 38. Ke3 g5 39. h5 Kd5 40. c6
Kxc6 41. Kd4 f4 42. Ke4 Kd6 43. Kf3 {White resigns} 0-1

[Event "Team 45 45 League T60"]
[Site "Internet Chess Club"]
[Date "2014.03.30"]
[Round "5"]
[White "jonesey"]
[Black "DouDou"]
[Result "1-0"]
[WhiteElo "1909"]
[BlackElo "1821"]
[Opening "Ruy Lopez: exchange variation"]
[ECO "C68"]
[Time "15:00:30"]
[TimeControl "2700+45"]

1. e4 e5 2. Nf3 Nc6 3. Bb5 a6 4. Bxc6 dxc6 5. d4 exd4 6. Qxd4 Qxd4 7. Nxd4 Nf6
8. f3 Bc5 9. Nb3 Bb6 10. Bg5 Be6 11. N1d2 h6 12. Bh4 g5 13. Bf2 Bxf2+ 14. Kxf2
O-O-O 15. Rhd1 g4 16. Nc5 gxf3 17. gxf3 Rhg8 18. Nd3 Kb8 19. Rg1 Rg5 20. Rxg5
hxg5 21. Rg1 g4 22. f4 Rh8 23. Rg2 Rg8 24. f5 Bd7 25. Ne5 Be8 26. Ke3 c5 27. Nd3
b6 28. Nc4 Bc6 29. Nf2 Re8 30. Kf4 Bxe4 31. Rg1 Bxc2 32. Ne3 Be4 33. Nfxg4 Nxg4
34. Nxg4 Bc6 35. Ne5 Kb7 36. Nxf7 Bd5 37. Ne5 Rh8 38. Rd1 c4 39. Rxd5 {Black
resigns} 1-0

[Event "Team 45 45 League T60"]
[Site "Internet Chess Club"]
[Date "2014.03.29"]
[Round "5"]
[White "hood"]
[Black "RubberDuck"]
[Result "0-1"]
[WhiteElo "1861"]
[BlackElo "1926"]
[Opening "Sicilian: accelerated fianchetto, modern variation"]
[ECO "B34"]
[Time "14:35:46"]
[TimeControl "2700+45"]

1. e4 c5 2. Nf3 Nc6 3. d4 cxd4 4. Nxd4 g6 5. Nc3 Bg7 6. Be3 Nf6 7. f3 O-O 8. Qd2
d5 9. exd5 Nxd5 10. Nxd5 Qxd5 11. Nxc6 Qxc6 12. c3 Be6 13. Bd3 Rfd8 14. Qc2 Rac8
15. O-O Rd7 16. Rfd1 Rcd8 17. Qe2 Be5 18. f4 Bg7 19. Bc2 Bc4 20. Qf2 a6 21. Rxd7
Rxd7 22. f5 Be5 23. fxg6 hxg6 24. Qh4 Qe6 25. Re1 Bxa2 26. Bd1 Qf6 27. Qa4 Be6
28. Rf1 Bxh2+ 29. Kxh2 Qxf1 30. Bf3 Qc4 31. Qc2 Qh4+ 32. Kg1 Qe1+ 33. Kh2 Qxe3
{White resigns} 0-1

[Event "Team 45 45 League T60"]
[Site "Internet Chess Club"]
[Date "2014.03.29"]
[Round "5"]
[White "gcl"]
[Black "joebobpop"]
[Result "0-1"]
[WhiteElo "1717"]
[BlackElo "1885"]
[Opening "Evans gambit"]
[ECO "C52"]
[Time "15:03:34"]
[TimeControl "2700+45"]

1. e4 e5 2. Nf3 Nc6 3. Bc4 Bc5 4. b4 Bxb4 5. c3 Ba5 6. d4 exd4 7. O-O Nf6 8.
cxd4 O-O 9. Bg5 h6 10. Bh4 d6 11. Nbd2 Bxd2 12. Nxd2 Nxd4 13. f4 Nc6 14. Nf3 Bg4
15. h3 Bh5 16. g4 Bg6 17. f5 Bh7 18. g5 hxg5 19. Bxg5 Qe7 20. Bd5 Rab8 21. a3
Ne5 22. Nh4 Ned7 23. Ng6 Bxg6 24. fxg6 Qe5 25. gxf7+ Kh8 26. Rf5 Qg3+ 27. Kf1
Qxh3+ 28. Ke1 c6 29. Be6 Nxe4 30. Bd2 Qh1+ 31. Ke2 Ng3+ 32. Kd3 Qxd1 33. Rxd1
Nxf5 34. Bxf5 Ne5+ 35. Kc3 Nxf7 36. Rh1+ Nh6 37. Bd3 Rbe8 38. Kc2 d5 39. Bc3
Rf2+ 40. Kb3 Rf3 41. Rxh6+ Kg8 42. Bh7+ Kf8 43. Rh4 Ree3 44. Bg6 Rxc3+ 45. Kb4
Rxa3 46. Kc5 Rac3+ 47. Kb4 b6 48. Rf4+ Rxf4+ 49. Kxc3 c5 {White resigns} 0-1

[Event "Team 45 45 League T60"]
[Site "Internet Chess Club"]
[Date "2014.03.29"]
[Round "5"]
[White "fhunfi"]
[Black "Greedy-Reedy"]
[Result "0-1"]
[WhiteElo "1994"]
[BlackElo "1961"]
[Opening "Robatsch defense: Rossolimo variation"]
[ECO "B07"]
[Time "11:03:18"]
[TimeControl "2700+45"]

1. e4 d6 2. c4 g6 3. d4 Bg7 4. Nf3 Bg4 5. Be2 Nc6 6. Be3 e5 7. d5 Bxf3 8. Bxf3
Nd4 9. Nc3 Ne7 10. Bxd4 exd4 11. Ne2 c5 12. Nc1 O-O 13. Nd3 Rb8 14. O-O Qc7 15.
Qd2 a6 16. a4 b5 17. axb5 axb5 18. b3 bxc4 19. bxc4 Ra8 20. Rfb1 Rxa1 21. Rxa1
Rb8 22. Bd1 Nc8 23. Ba4 Qe7 24. Bb5 Nb6 25. f3 Qh4 26. g3 Qh5 27. Kg2 Bh6 28. f4
g5 29. e5 gxf4 30. gxf4 dxe5 31. Re1 exf4 32. Qf2 Qg6+ 33. Kh1 Qxd3 34. Rg1+ Kh8
35. Qg2 Qg6 36. Qf3 Qf5 37. d6 Nd7 38. Bxd7 Qxd7 39. Qd5 Qb7 {White resigns} 0-1

[Event "Team 45 45 League T60"]
[Site "Internet Chess Club"]
[Date "2014.03.29"]
[Round "5"]
[White "IshanR"]
[Black "RamRock"]
[Result "1/2-1/2"]
[WhiteElo "1771"]
[BlackElo "1790"]
[Opening "Grob's attack"]
[ECO "A00"]
[Time "20:00:52"]
[TimeControl "2700+45"]

1. g4 e5 2. Bg2 d5 3. c4 c6 4. h3 Be6 5. cxd5 Bxd5 6. Nf3 e4 7. Nd4 e3 8. Nf3
exf2+ 9. Kxf2 Bd6 10. e4 Be6 11. d4 Na6 12. Nc3 f6 13. Re1 Qc7 14. e5 fxe5 15.
dxe5 Be7 16. Kg1 Bc5+ 17. Be3 Ne7 18. Bxc5 Nxc5 19. Ng5 h6 20. Nxe6 Nxe6 21. Qd6
Qd7 22. Qxd7+ Kxd7 23. Rad1+ Kc7 24. Rd6 Nf4 25. Red1 Rad8 26. h4 Nxg2 27. Kxg2
b5 28. b4 Nc8 29. Rg6 Rxd1 30. Nxd1 Rg8 31. Ne3 Ne7 32. Re6 Nd5 33. Nxd5+ cxd5
34. Re7+ Kb6 35. Rd7 g5 36. h5 Rf8 37. Rxd5 Rf4 38. Rd6+ Kc7 39. Rxh6 Rxg4+ 40.
Kf3 Rxb4 41. Rg6 Ra4 42. h6 Rh4 43. Rg7+ Kc6 44. h7 Kd5 45. Rxa7 Kxe5 46. Rb7 b4
47. Rb5+ Kf6 48. h8=Q+ Rxh8 49. Rxb4 Rh3+ 50. Kg2 Ra3 51. Rb6+ Kf5 52. Rb5+ Kg4
53. Rb4+ Kh5 54. Rb2 Kh4 55. Rc2 g4 56. Rb2 Rg3+ 57. Kh2 Ra3 58. Kg2 g3 59. Rb4+
Kg5 60. Rb3 {Game drawn by mutual agreement} 1/2-1/2

[Event "Team 45 45 League T60"]
[Site "Internet Chess Club"]
[Date "2014.03.31"]
[Round "5"]
[White "hewdondada"]
[Black "jrobic7"]
[Result "1-0"]
[WhiteElo "1725"]
[BlackElo "1756"]
[Opening "Trompowsky attack (Ruth, Opocenský opening)"]
[ECO "A45"]
[Time "20:30:17"]
[TimeControl "2700+45"]

1. d4 Nf6 2. Bg5 e6 3. e4 h6 4. Bxf6 Qxf6 5. c3 d5 6. e5 Qd8 7. Bd3 c5 8. Ne2
Nc6 9. b3 Bd7 10. O-O Qb6 11. Bc2 cxd4 12. cxd4 Nb4 13. Bd3 Be7 14. Nbc3 Nxd3
15. Qxd3 O-O 16. Rab1 Rac8 17. Na4 Qa5 18. Nc5 Bxc5 19. dxc5 Rxc5 20. b4 Qb5 21.
Qxb5 Rxb5 22. Rfc1 Rb6 23. Nd4 a6 24. Rc7 Bc6 25. a3 Re8 26. Rb3 Kf8 27. f4 Re7
28. Rc8+ Be8 29. a4 a5 30. b5 g5 31. fxg5 hxg5 32. Rf3 Kg7 33. Rf6 Bd7 34. Rc7
Kf8 35. Rh6 Kg7 36. Nf5+ exf5 37. Rxb6 Kf8 38. Rbxb7 Ke8 {Black resigns} 1-0

[Event "Team 45 45 League T60"]
[Site "Internet Chess Club"]
[Date "2014.03.31"]
[Round "5"]
[White "netballgirl"]
[Black "Timotheous"]
[Result "1-0"]
[WhiteElo "1754"]
[BlackElo "1729"]
[Opening "Queen's pawn game"]
[ECO "A46"]
[Time "20:00:23"]
[TimeControl "2700+45"]

1. d4 Nf6 2. Nf3 c6 3. c4 c5 4. dxc5 e6 5. Be3 Qc7 6. Bd4 Bxc5 7. e3 Bxd4 8.
Nxd4 a6 9. Nc3 O-O 10. Bd3 Nc6 11. O-O Ne5 12. Qe2 Nxd3 13. Qxd3 b6 14. f3 Bb7
15. Rac1 Rac8 16. Nce2 Qb8 17. e4 Rfd8 18. Qb3 Bc6 19. Rfd1 h6 20. Nxc6 Rxc6 21.
Qa3 Qa7 22. Qe3 e5 23. b3 Qb8 24. Nc3 Kh8 25. Nd5 Nxd5 26. Rxd5 f6 27. Rcd1 d6
28. Qd3 Qc7 29. Kf2 Kg8 30. a4 a5 31. Qe3 Rc5 32. Qd3 Rc6 33. Qd2 Kf8 34. g4 Ke7
35. Kg3 Rc5 36. Qg2 Rxd5 37. Rxd5 Qb7 38. Qh3 Qc7 39. Qh5 Kf8 40. Qf5 Qd7 41.
Qh7 Kf7 42. h4 Qc8 43. h5 Qe6 44. Qg6+ Kg8 45. f4 Qe8 46. Qxe8+ Rxe8 47. Rxd6
exf4+ 48. Kxf4 Rb8 49. Kf5 Rb7 50. Kg6 Kf8 51. Rd8+ Ke7 52. Rg8 {Black resigns}
1-0

[Event "Team 45 45 League T60"]
[Site "Internet Chess Club"]
[Date "2014.03.31"]
[Round "5"]
[White "chess9793"]
[Black "jjmolina"]
[Result "1-0"]
[WhiteElo "2137"]
[BlackElo "1830"]
[Opening "Ruy Lopez: open Berlin defense, l'Hermet variation"]
[ECO "C67"]
[Time "14:35:37"]
[TimeControl "2700+45"]

1. e4 e5 2. Nf3 Nc6 3. Bb5 Nf6 4. O-O Nxe4 5. d4 Nd6 6. dxe5 Nxb5 7. a4 d6 8.
axb5 Nxe5 9. Qe1 Be7 10. Nxe5 dxe5 11. Qxe5 O-O 12. Nc3 Bf6 13. Qg3 Re8 14. Be3
Bxc3 15. bxc3 Bf5 16. Bd4 Bg6 17. h4 f6 18. Rfe1 Rxe1+ 19. Rxe1 a6 20. bxa6 Rxa6
21. Qf3 Rc6 22. Re2 Qd7 23. h5 Bf7 24. h6 Bd5 25. Qg3 g6 26. Qf4 Qf5 27. Qxf5
gxf5 28. Re7 Bf7 29. Rd7 Kf8 30. Rd8+ Ke7 31. Rh8 Bg6 32. f4 Re6 33. Rg8 Kd6 34.
Rxg6 hxg6 35. h7 Re8 36. Bxf6 c6 37. h8=Q Rxh8 38. Bxh8 Kc5 39. Kf2 Kd5 40. Kf3
b5 41. Ke3 c5 42. Kd3 {Black resigns} 1-0

[Event "Team 45 45 League T60"]
[Site "Internet Chess Club"]
[Date "2014.03.28"]
[Round "5"]
[White "primerpaso"]
[Black "chessfan"]
[Result "1/2-1/2"]
[WhiteElo "1924"]
[BlackElo "1891"]
[Opening "English opening"]
[ECO "A10"]
[Time "20:06:55"]
[TimeControl "2700+45"]

1. c4 g6 2. Nc3 Nf6 3. g3 Bg7 4. Bg2 c6 5. e4 e5 6. Nge2 d6 7. d4 Nbd7 8. O-O
O-O 9. h3 Nb6 10. b3 exd4 11. Nxd4 d5 12. exd5 cxd5 13. c5 Ne4 14. Nxe4 dxe4 15.
Bb2 Nd5 16. Re1 f5 17. Qd2 Qc7 18. Rac1 Qf7 19. Nb5 Be6 20. Nd6 Qe7 21. Bxg7
Kxg7 22. b4 Kg8 23. Bf1 Nf6 24. f3 Rad8 25. Qc2 Bd5 26. Rcd1 Qc7 27. Qf2 exf3
28. Rxd5 Nxd5 29. Qxf3 Nf6 30. Bc4+ Kh8 31. Qxb7 Qxb7 32. Nxb7 Rd4 33. Na5 Ne4
34. a3 Nxg3 35. Re7 Ra8 36. Ba6 Rd1+ 37. Kg2 f4 38. c6 Nf5 39. Rb7 Nh4+ 40. Kf2
Rd2+ 41. Kf1 Nf3 42. c7 Nh2+ {Game drawn by mutual agreement} 1/2-1/2

[Event "Team 45 45 League T60"]
[Site "Internet Chess Club"]
[Date "2014.03.29"]
[Round "5"]
[White "DouDou"]
[Black "Baseta"]
[Result "1-0"]
[WhiteElo "1822"]
[BlackElo "1805"]
[Opening "French: Tarrasch, open variation"]
[ECO "C07"]
[Time "12:00:29"]
[TimeControl "2700+45"]

1. e4 e6 2. d4 d5 3. Nd2 c5 4. exd5 Qxd5 5. Ngf3 cxd4 6. Bc4 Qd6 7. O-O Nf6 8.
Re1 Nc6 9. Nb3 Be7 10. Nbxd4 Nxd4 11. Nxd4 O-O 12. c3 Bd7 13. Qf3 Qb6 14. Bb3 a5
15. Be3 Bc5 16. Rab1 e5 17. Nf5 Bxe3 18. Rxe3 e4 19. Qf4 a4 20. Bc2 Nd5 21. Qxe4
Nxe3 22. Ne7+ {Black resigns} 1-0

[Event "Team 45 45 League T60"]
[Site "Internet Chess Club"]
[Date "2014.03.31"]
[Round "5"]
[White "frank001"]
[Black "LiangLiang"]
[Result "0-1"]
[WhiteElo "1799"]
[BlackElo "1821"]
[Opening "Scotch: Schmidt variation"]
[ECO "C45"]
[Time "00:15:18"]
[TimeControl "2700+45"]

1. e4 e5 2. Nf3 Nc6 3. d4 exd4 4. Nxd4 Nf6 5. Nxc6 bxc6 6. Bd3 d6 7. O-O Be7 8.
c4 O-O 9. Nc3 c5 10. Nd5 Nxd5 11. exd5 Bd7 12. Qh5 g6 13. Qh6 Bf6 14. g3 Bg7 15.
Qf4 Bh3 16. Re1 Qd7 17. Rb1 Rfe8 18. Bd2 Rxe1+ 19. Bxe1 Re8 20. Bd2 Qe7 21. b3
f5 22. Be3 h6 23. Qf3 Bd4 24. Bd2 Qg7 25. b4 Bg4 26. Qg2 Be2 27. Rb3 Kh7 28. h3
Qe5 29. bxc5 Bxc5 30. Bc3 Qe7 31. Ba5 Bb6 32. Bd2 Bxd3 33. Rxd3 Qe4 34. Qf3 Qxc4
35. g4 Qe4 36. gxf5 Qxf5 37. Qg3 Rf8 38. Be3 Qxd3 {White resigns} 0-1

[Event "Team 45 45 League T60"]
[Site "Internet Chess Club"]
[Date "2014.03.29"]
[Round "5"]
[White "CuatroPrincesas"]
[Black "Cryptochess"]
[Result "1/2-1/2"]
[WhiteElo "2198"]
[BlackElo "2100"]
[Opening "Pirc: 150 attack"]
[ECO "B07"]
[Time "17:00:45"]
[TimeControl "2700+45"]

1. e4 d6 2. d4 Nf6 3. Nc3 g6 4. Be3 c6 5. Qd2 b5 6. Bd3 e5 7. dxe5 dxe5 8. Nf3
Nbd7 9. h3 Bg7 10. a4 b4 11. Ne2 a5 12. c3 Qe7 13. cxb4 axb4 14. Qc2 c5 15. O-O
O-O 16. Ng3 Bb7 17. Bb5 Rac8 18. b3 Rfd8 19. Rac1 h5 20. Bg5 Nf8 21. Bc4 Ne6 22.
Bxe6 Qxe6 23. Nd2 Rd4 24. f3 Ba6 25. Nc4 Bxc4 26. bxc4 Nd7 27. Be3 Nb6 28. Bxd4
cxd4 29. a5 Nxc4 30. Qa4 Bh6 31. Ra1 Be3+ 32. Kh1 h4 33. Ne2 d3 34. Nc1 d2 35.
Nb3 Qe7 36. a6 Qg5 37. Qd7 Rd8 38. Qg4 Qe7 39. g3 Nb2 40. Nxd2 Rxd2 41. Qxh4 Qc7
42. Rfc1 Rh2+ 43. Kxh2 Bxc1 44. a7 Qc2+ 45. Kh1 Qd1+ 46. Kh2 Qe2+ 47. Kh1 Qf1+
48. Kh2 Qf2+ 49. Kh1 Qxf3+ 50. Kh2 Qe2+ 51. Kh1 Qd1+ 52. Kh2 {Game drawn by
mutual agreement} 1/2-1/2

[Event "Team 45 45 League T60"]
[Site "Internet Chess Club"]
[Date "2014.03.27"]
[Round "5"]
[White "The7thGuest"]
[Black "f5"]
[Result "0-1"]
[WhiteElo "1903"]
[BlackElo "2183"]
[Opening "Réti: King's Indian attack, Keres variation"]
[ECO "A07"]
[Time "16:01:08"]
[TimeControl "2700+45"]

1. Nf3 d5 2. g3 Bg4 3. Bg2 Nd7 4. d4 e6 5. O-O Ngf6 6. c4 c6 7. Nbd2 Bd6 8. Re1
O-O 9. e4 dxe4 10. Nxe4 Nxe4 11. Rxe4 Bf5 12. Re1 c5 13. d5 e5 14. Nh4 Bg6 15.
Nxg6 hxg6 16. Bd2 Qc7 17. Bc3 Rae8 18. a3 f5 19. Bf1 e4 20. Qd2 Be5 21. Bg2 Qd6
22. Bxe5 Nxe5 23. Qc3 g5 24. f3 exf3 25. Bxf3 f4 26. g4 Re7 27. Re4 Rfe8 28.
Rae1 b6 29. Kg2 Kf8 30. h4 gxh4 31. Rxf4+ Nf7 32. Rxe7 Rxe7 33. Qd2 g5 34. Rf5
Qg3+ 35. Kf1 Ke8 36. d6 Nxd6 37. Bc6+ Kd8 38. Rxg5 Kc7 39. Bd5 h3 40. Qf2 Qd3+
41. Kg1 Qd1+ 42. Kh2 Re2 43. Rg7+ Kb8 44. Rg8+ Nc8 45. Qxe2 Qxe2+ 46. Kxh3 Kc7
47. g5 Ne7 48. Rg7 Qe3+ 49. Kg2 Kd6 {White resigns} 0-1

[Event "Team 45 45 League T60"]
[Site "Internet Chess Club"]
[Date "2014.03.30"]
[Round "5"]
[White "LittleButton"]
[Black "lioric"]
[Result "1-0"]
[WhiteElo "1940"]
[BlackElo "1826"]
[Opening "QGD Slav: exchange variation"]
[ECO "D13"]
[Time "14:00:32"]
[TimeControl "2700+45"]

1. d4 d5 2. Nf3 Nf6 3. c4 c6 4. cxd5 cxd5 5. Nc3 Nc6 6. Bf4 Qb6 7. a3 Bg4 8. Na4
Qd8 9. Ne5 Nxe5 10. dxe5 Ng8 11. f3 Bd7 12. Nc5 e6 13. Nxd7 Qxd7 14. e4 d4 15.
Bd3 Ne7 16. O-O Nc6 17. Bb5 Bc5 18. b4 Bb6 19. Rc1 O-O 20. Bg3 Rac8 21. f4 Rfd8
22. Bd3 Ne7 23. Qe2 Rc3 24. Ra1 Rdc8 25. Kh1 Qa4 26. f5 exf5 27. exf5 Rxa3 28.
Rxa3 Qxa3 29. f6 gxf6 30. Qg4+ Kf8 31. exf6 Qxd3 32. fxe7+ Kxe7 33. Re1+ Kd8 34.
Bh4+ Kc7 35. Rc1+ {Black resigns} 1-0

[Event "Team 45 45 League T60"]
[Site "Internet Chess Club"]
[Date "2014.03.29"]
[Round "5"]
[White "LazyPeon"]
[Black "zap2"]
[Result "1-0"]
[WhiteElo "1832"]
[BlackElo "1714"]
[Opening "Catalan: closed, main line"]
[ECO "E09"]
[Time "16:01:26"]
[TimeControl "2700+45"]

1. d4 Nf6 2. c4 e6 3. g3 d5 4. Bg2 Be7 5. Nf3 O-O 6. O-O Nbd7 7. Qc2 c6 8. Nbd2
b6 9. e4 Nxe4 10. Nxe4 dxe4 11. Qxe4 Bb7 12. Ne5 Nxe5 13. dxe5 Qc7 14. Be3 Rfd8
15. Rfd1 Rd7 16. Qc2 Rad8 17. Rxd7 Rxd7 18. c5 Bxc5 19. Bxc5 bxc5 20. Qxc5 Qb6
21. b4 g6 22. Rc1 Rd2 23. a4 Qxc5 24. bxc5 Ra2 25. Rb1 Ba6 26. Bxc6 Rc2 27. Bb5
Bxb5 28. Rxb5 Rc4 29. Kf1 Kf8 30. Ra5 h5 31. Ke2 Re4+ 32. Kd3 Rxe5 33. Kd4 Rd5+
34. Kc4 Rd7 35. c6 Rc7 36. Kc5 Ke7 37. Rb5 Kd8 38. Kd6 Kc8 39. a5 a6 40. Rb6 Ra7
41. h4 e5 42. Kxe5 Kc7 43. Kf6 Ra8 44. Kxf7 Rd8 45. Kxg6 Rd6+ 46. Kxh5 Rd5+ 47.
Kg6 Rxa5 48. Rb7+ Kxc6 49. Rf7 Ra1 50. h5 a5 51. h6 a4 52. h7 Rh1 53. Rf8 Kb7
54. h8=Q Rxh8 55. Rxh8 Kb6 56. Kf6 a3 57. Ra8 {Black resigns} 1-0

[Event "Team 45 45 League T60"]
[Site "Internet Chess Club"]
[Date "2014.03.30"]
[Round "5"]
[White "yummy2"]
[Black "Wargasm"]
[Result "1/2-1/2"]
[WhiteElo "2365"]
[BlackElo "2229"]
[Opening "QGD Slav: 4.Nc3"]
[ECO "D15"]
[Time "17:00:30"]
[TimeControl "2700+45"]

1. d4 d5 2. c4 c6 3. Nf3 Nf6 4. Nc3 a6 5. a4 e6 6. g3 dxc4 7. Bg2 c5 8. dxc5
Qxd1+ 9. Nxd1 Bd7 10. Ne5 Nc6 11. Nxc4 Bxc5 12. Be3 Bxe3 13. Ndxe3 Ke7 14. O-O
Rab8 15. Bxc6 Bxc6 16. Rfc1 Rhc8 17. Nb6 Rd8 18. Rc2 Rd4 19. Nbc4 Nd5 20. Nxd5+
Bxd5 21. Nb6 Bc6 22. f3 e5 23. Kf2 Rbd8 24. Nc4 Ke6 25. Ra3 h6 26. Re3 f6 27. b3
g5 28. Rec3 R4d5 29. e4 Rd3 30. Na5 Rxc3 31. Rxc3 Rc8 32. Ke3 Bd7 33. Kd2 Rxc3
34. Kxc3 b6 35. Nc4 b5 36. Nb2 bxa4 37. bxa4 Kd6 38. Kb4 Kc6 39. Nc4 Be6 40. Ne3
Kb6 41. a5+ Kc6 42. g4 Kd6 43. Nf1 Kc6 44. Ng3 Bf7 45. h3 Bg6 46. Ne2 h5 47. Nc3
hxg4 48. hxg4 Bf7 49. Na4 Be6 50. Nc5 Bc8 51. Nd3 Kd6 52. Nb2 Bd7 53. Nc4+ Kc6
54. Ne3 Be6 55. Nd1 Bd7 56. Kc4 Be6+ 57. Kb4 Bd7 58. Nc3 Be6 59. Na4 {Game drawn
by mutual agreement} 1/2-1/2

[Event "Team 45 45 League T60"]
[Site "Internet Chess Club"]
[Date "2014.03.31"]
[Round "5"]
[White "steadman"]
[Black "CuatroPrincesas"]
[Result "1/2-1/2"]
[WhiteElo "2189"]
[BlackElo "2198"]
[Opening "King's Indian: orthodox, Aronin-Taimanov, 9.Ne1"]
[ECO "E98"]
[Time "16:03:36"]
[TimeControl "2700+45"]

1. d4 Nf6 2. c4 g6 3. Nc3 Bg7 4. e4 d6 5. Nf3 O-O 6. Be2 e5 7. O-O Nc6 8. d5 Ne7
9. Ne1 Nd7 10. Nd3 f5 11. f3 f4 12. Bd2 g5 13. Rc1 Nf6 14. c5 Ng6 15. Nb5 Rf7
16. Ba5 b6 17. cxd6 cxd6 18. Be1 a6 19. Nc3 a5 20. Bf2 Bf8 21. b4 Rg7 22. Nb5 g4
23. Rc6 Rb8 24. Qe1 gxf3 25. Bxf3 Ng4 26. Kh1 Nxf2+ 27. Qxf2 Nh4 28. Rfc1 Nxf3
29. gxf3 Bh3 30. Rg1 Rb7 31. Rcc1 Qe8 32. Nc7 Qh5 33. Rxg7+ Bxg7 34. Ne6 Bxe6
35. dxe6 Qe8 36. Qh4 Qxe6 37. Qd8+ Bf8 38. Rg1+ Rg7 39. Rxg7+ Kxg7 40. Qxb6 axb4
41. Qg1+ Kf7 42. Nxb4 Qc4 43. Qe1 Be7 44. Kg2 Bd8 45. Qd2 Ke8 46. Nd5 {Game
drawn by mutual agreement} 1/2-1/2

[Event "Team 45 45 League T60"]
[Site "Internet Chess Club"]
[Date "2014.03.31"]
[Round "5"]
[White "Cryptochess"]
[Black "Pomberito"]
[Result "0-1"]
[WhiteElo "2086"]
[BlackElo "2154"]
[Opening "Scotch gambit: Dubois-Réti defense"]
[ECO "C55"]
[Time "13:07:25"]
[TimeControl "2700+45"]

1. e4 e5 2. Nf3 Nc6 3. d4 exd4 4. Bc4 Nf6 5. e5 Ng4 6. O-O Be7 7. Bf4 g5 8. Nxg5
Bxg5 9. Qxg4 d5 10. Qxg5 Qxg5 11. Bxg5 dxc4 12. Nd2 Be6 13. Ne4 h6 14. Nf6+ Kf8
15. Bf4 Kg7 16. c3 Rad8 17. Rad1 dxc3 18. bxc3 Ne7 19. Be3 b6 20. f4 Rd3 21.
Rde1 Rxc3 22. g4 Nd5 23. Nxd5 Bxd5 24. e6 Rxe3 25. Rxe3 Bxe6 26. f5 Bd5 27. Re7
c6 28. Rxa7 Re8 29. Kf2 Kf6 30. h4 Re4 31. Kg3 Re3+ 32. Kf4 Re4+ 33. Kg3 b5 34.
Rd7 c3 35. Rd6+ Ke5 36. Rxh6 Re3+ 37. Kf2 Rf3+ 38. Ke2 Rxf1 39. Kd3 Rf3+ 40. Kc2
Be4+ {White resigns} 0-1

[Event "Team 45 45 League T60"]
[Site "Internet Chess Club"]
[Date "2014.03.30"]
[Round "5"]
[White "PoisonPawn"]
[Black "junard"]
[Result "0-1"]
[WhiteElo "1996"]
[BlackElo "2043"]
[Opening "Sicilian: Scheveningen, English variation"]
[ECO "B90"]
[Time "07:07:44"]
[TimeControl "2700+45"]

1. e4 c5 2. Nf3 d6 3. d4 cxd4 4. Nxd4 Nf6 5. Nc3 a6 6. Be3 e6 7. Qd2 b5 8. f3
Nbd7 9. g4 h6 10. O-O-O Bb7 11. h4 b4 12. Na4 Qa5 13. b3 Nc5 14. a3 Rc8 15. Qxb4
Qc7 16. Rh3 Nfd7 17. Rd2 d5 18. Nxc5 Nxc5 19. Qc3 dxe4 20. Qb2 exf3 21. Nxf3 Ne4
22. Rg2 Be7 23. Bd4 Bf6 24. Ne5 Rd8 25. Nf3 Rxd4 26. Nxd4 Qf4+ {White resigns}
0-1

[Event "Team 45 45 League T60"]
[Site "Internet Chess Club"]
[Date "2014.03.29"]
[Round "5"]
[White "MintyBlue"]
[Black "gump12345"]
[Result "1-0"]
[WhiteElo "2160"]
[BlackElo "1975"]
[Opening "Ruy Lopez: Berlin defense, open variation"]
[ECO "C67"]
[Time "22:08:34"]
[TimeControl "2700+45"]

1. e4 e5 2. Nf3 Nc6 3. Bb5 Nf6 4. O-O Nxe4 5. d4 Nd6 6. Bxc6 dxc6 7. dxe5 Nf5 8.
Qxd8+ Kxd8 9. Nc3 Ke8 10. b3 Ne7 11. Bb2 Ng6 12. Rfe1 Be7 13. Nd4 Nf4 14. Rad1
Bd7 15. Ne4 Rd8 16. Nf6+ Bxf6 17. exf6+ Be6 18. fxg7 Rg8 19. g3 Nd5 20. Nxe6
fxe6 21. Rxe6+ Kf7 22. Rde1 Rd6 23. Re8 Rd8 24. Rxg8 Rxg8 25. f4 Rd8 26. Rd1 Re8
27. c4 Nf6 28. Bxf6 Kxf6 29. Rd7 Rc8 30. Rxc7 Rg8 31. Rxb7 Rxg7 32. Rxg7 Kxg7
33. Kf2 Kf6 34. Ke3 c5 35. Ke4 Ke6 36. g4 a6 37. f5+ Kf6 38. h4 h6 39. Kf4
{Black resigns} 1-0

[Event "Team 45 45 League T60"]
[Site "Internet Chess Club"]
[Date "2014.03.30"]
[Round "5"]
[White "xwang1"]
[Black "perikitosax"]
[Result "0-1"]
[WhiteElo "2056"]
[BlackElo "2012"]
[Opening "Sicilian: Taimanov variation"]
[ECO "B48"]
[Time "15:34:32"]
[TimeControl "2700+45"]

1. e4 c5 2. Nf3 e6 3. d4 cxd4 4. Nxd4 Nc6 5. Nc3 Qc7 6. Be3 a6 7. Qd2 Nf6 8.
O-O-O Be7 9. f3 O-O 10. g4 b5 11. g5 Nh5 12. Nce2 Nxd4 13. Qxd4 f5 14. e5 f4 15.
Nxf4 Nxf4 16. Bxf4 Bc5 17. Qd2 Bb7 18. Be2 Rac8 19. Kb1 Qb6 20. Rhf1 Bd5 21. h4
b4 22. Bh2 Be3 23. Bg1 Bxa2+ 24. Ka1 Qa5 25. Qxe3 Bb3+ 26. Kb1 Qa2+ 27. Kc1
Rxc2# {White checkmated} 0-1

[Event "Team 45 45 League T60"]
[Site "Internet Chess Club"]
[Date "2014.03.30"]
[Round "5"]
[White "gerailen0075"]
[Black "Happybear"]
[Result "0-1"]
[WhiteElo "1890"]
[BlackElo "1901"]
[Opening "French: advance, Euwe variation"]
[ECO "C02"]
[Time "20:43:11"]
[TimeControl "2700+45"]

1. e4 e6 2. d4 d5 3. e5 c5 4. c3 Nc6 5. Nf3 Bd7 6. Be2 f6 7. O-O fxe5 8. Nxe5
Nxe5 9. dxe5 g6 10. c4 Bc6 11. Qc2 d4 12. Bg4 Qe7 13. Bf4 Nh6 14. Bh3 Bg7 15.
Qd2 Nf7 16. Na3 O-O 17. Rae1 g5 18. Bg3 h5 19. f3 Nh6 20. Bxe6+ Qxe6 21. Qxg5
Rf5 22. Qd2 a6 23. b4 Bf8 24. b5 axb5 25. Nxb5 Bxb5 26. cxb5 Rxa2 27. Qd3 b6 28.
Ra1 Rxa1 29. Rxa1 c4 30. Qe4 Bc5 31. Ra8+ Rf8 32. Ra7 Rf7 33. Ra8+ Kg7 34. Bh4
Ng4 35. Rb8 Qxe5 36. Qa8 d3+ 37. Kh1 Qxh2# {White checkmated} 0-1

[Event "Team 45 45 League T60"]
[Site "Internet Chess Club"]
[Date "2014.03.28"]
[Round "5"]
[White "charles-allen"]
[Black "justice02"]
[Result "1-0"]
[WhiteElo "1914"]
[BlackElo "1759"]
[Opening "Scandinavian (center counter) defense"]
[ECO "B01"]
[Time "21:30:58"]
[TimeControl "2700+45"]

1. e4 d5 2. exd5 Qxd5 3. Nf3 Bf5 4. Be2 c6 5. O-O e6 6. d4 Nf6 7. c4 Qd8 8. Nc3
Be7 9. Nh4 Bg6 10. Nxg6 hxg6 11. Be3 Qc7 12. g3 Nbd7 13. d5 Bc5 14. dxe6 fxe6
15. Bxc5 Nxc5 16. Qc2 O-O-O 17. b4 Nd3 18. Bxd3 Ng4 19. Be4 Nxh2 20. Rfd1 Rdf8
21. Qe2 Qe5 22. Rd3 g5 23. Rad1 Qf6 24. Bg2 g4 25. Ne4 Qh6 26. Nd6+ Kb8 27. Qe5
Nf3+ 28. Bxf3 Qh2+ 29. Kf1 Qh3+ 30. Bg2 Qh5 31. Nf7+ {Black resigns} 1-0